 Dungeon Crawl Stone Soup version 0.19.0 (webtiles) character file.

34843 Jimmy the Eclecticist (level 13, -3/66 HPs)
             Began as a Deep Elf Conjurer on Nov 6, 2016.
             Was an Elder of Vehumet.
             Slain by a spiny frog (15 damage)
             ... on level 2 of the Lair of Beasts on Nov 13, 2016.
             The game lasted 06:43:39 (23773 turns).

Jimmy the Eclecticist (Deep Elf Conjurer)          Turns: 23773, Time: 06:43:42

Health: -3/66      AC: 16    Str:  5    XL:     13   Next: 44%
Magic:  4/36       EV: 15    Int: 26    God:    Vehumet [****..]
Gold:   810        SH:  8    Dex: 15    Spells: 7 memorised, 21 levels left

rFire  + + +     SeeInvis .     l - +3 Elemental Staff {rElec rF++ rC++ MR++ AC+5}
rCold  + . .     Gourm    .     O - +4 troll leather armour
rNeg   + . .     Faith    .     (no shield)
rPois  .         Spirit   .     (helmet restricted)
rElec  +         Reflect  +     e - +0 cloak of Integrity {rF+++ rC- rN+} (curse)
rCorr  .         Harm     .     a - +0 pair of gloves
MR     +++..                    C - +0 pair of boots
Stlth  +++.......               V - brooch of Shielding {Reflect SH+8}
                                M - ring of flight
                                x - ring of protection from fire

@: lethally poisoned (-3 -> -10)
A: horns 1, electricity resistance
a: Renounce Religion, Evoke Flight


You were on level 2 of the Lair of Beasts.
You worshipped Vehumet.
Vehumet was greatly pleased with you.
You were not hungry.

You visited 4 branches of the dungeon, and saw 15 of its levels.

You collected 1383 gold pieces.
You spent 573 gold pieces at shops.

Inventory:

Hand Weapons
 l - the +3 Elemental Staff (weapon) {rElec rF++ rC++ MR++ AC+5}
   (You found it on level 5 of the Dungeon)

   It affects your AC (+5).
   It greatly protects you from fire.
   It greatly protects you from cold.
   It insulates you from electricity.
   It affects your resistance to hostile enchantments.
 K - the +3 rapier "Ostrifim" {pain, rN+ Int+2 Stlth+}
   (You found it on level 9 of the Dungeon)

   In the hands of one skilled in necromantic magic, it inflicts extra damage on
   living creatures.
   It affects your intelligence (+2).
   It protects you from negative energy.
   It makes you more stealthy.
Missiles
 y - 52 tomahawks (quivered)
 X - 143 arrows
Armour
 a - a +0 pair of gloves (worn)
 d - a +2 robe of magic resistance
 e - the cursed +0 cloak of Integrity (worn) {rF+++ rC- rN+}
   (You bought it in a shop on level 2 of the Orcish Mines)

   It renders you almost immune to fire.
   It makes you vulnerable to cold.
   It protects you from negative energy.
   It has a curse placed upon it.
 r - a +0 cloak
 C - a +0 pair of boots (worn)
 H - a +0 pair of gloves
 O - a +4 troll leather armour (worn)
Jewellery
 u - the ring "Utom" {rElec rPois MR- Stlth-}
   (You found it on level 4 of the Dungeon)

   [ring of loudness]

   It insulates you from electricity.
   It protects you from poison.
   It affects your resistance to hostile enchantments.
   It makes you less stealthy.
 x - a ring of protection from fire (left hand)
 M - a ring of flight (right hand)
 V - the brooch of Shielding (around neck) {Reflect SH+8}
   (You found it on level 10 of the Dungeon)

   [amulet of reflection]

   It shields you and reflects attacks.
   It affects your SH (+8).
Wands
 n - a wand of polymorph (10/24)
 q - a wand of lightning (6/15)
 t - a wand of confusion (36/48)
 v - a wand of disintegration (8/24)
 z - a wand of teleportation (3/9)
Scrolls
 m - a scroll of noise {unknown}
 o - 2 scrolls of fog {unknown}
 p - 2 scrolls of fear {unknown}
 A - 7 scrolls of teleportation
 D - 4 scrolls of identify
 E - a scroll of magic mapping
 F - a scroll of blinking {unknown}
 N - 2 scrolls of enchant weapon
 P - 2 scrolls of amnesia {unknown}
 Q - a scroll of remove curse
 U - a scroll of summoning
 W - 3 scrolls of recharging
Potions
 h - 6 potions of curing
 i - a potion of flight {unknown}
 j - 4 potions of resistance
 k - 4 potions of cancellation
 s - 2 potions of ambrosia
 w - a potion of might {unknown}
 G - 11 potions of heal wounds
 I - 3 potions of agility
 J - a potion of magic {unknown}
 T - 2 potions of brilliance {unknown}
Books
 b - a book of Conjurations

   Spells                             Type                      Level
   a - Magic Dart                     Conjuration                  1
   b - Searing Ray                    Conjuration                  2
   c - Dazzling Spray                 Conjuration/Hexes            3
   d - Fulminant Prism                Conjuration/Hexes            4
   e - Iskenderun's Mystic Blast      Conjuration                  4
   f - Iskenderun's Battlesphere      Conjuration/Charms           5
 f - a book of Flames

   Spells                             Type                      Level
   a - Flame Tongue                   Conjuration/Fire             1
   b - Throw Flame                    Conjuration/Fire             2
   c - Conjure Flame                  Conjuration/Fire             3
   d - Inner Flame                    Hexes/Fire                   3
   e - Sticky Flame                   Conjuration/Fire             4
   f - Fireball                       Conjuration/Fire             5
 g - a book of Conjurations

   Spells                             Type                      Level
   a - Magic Dart                     Conjuration                  1
   b - Searing Ray                    Conjuration                  2
   c - Dazzling Spray                 Conjuration/Hexes            3
   d - Fulminant Prism                Conjuration/Hexes            4
   e - Iskenderun's Mystic Blast      Conjuration                  4
   f - Iskenderun's Battlesphere      Conjuration/Charms           5
Comestibles
 c - 7 bread rations
 B - 5 meat rations
 L - a beef jerky
 R - 5 fruits
 S - a royal jelly


   Skills:
 + Level 1.8 Fighting
 + Level 2.6 Staves
 + Level 3.1 Armour
 + Level 6.5 Dodging
 + Level 5.7 Stealth
 + Level 17.5 Spellcasting
 + Level 15.1 Conjurations
 + Level 3.0 Hexes
 + Level 1.2 Translocations
 + Level 8.2 Fire Magic
 + Level 3.1 Evocations


You had 21 spell levels left.
You knew the following spells:

 Your Spells              Type           Power        Failure   Level  Hunger
a - Magic Dart            Conj           ####         0%          1    None
b - Searing Ray           Conj           ######       0%          2    None
c - Dazzling Spray        Conj/Hex       ######       1%          3    None
d - Iskenderun's Mystic   Conj           #######.     1%          4    None
e - Fireball              Conj/Fire      ######....   1%          5    None
f - Force Lance           Conj/Tloc      ######..     1%          4    None
g - Orb of Destruction    Conj           #######...   2%          7    #####..


Dungeon Overview and Level Annotations

Branches:
Dungeon (10/15)            Temple (1/1) D:5            Lair (2/6) D:10
    Orc (2/2) D:10            Elf (0/3) Orc:2
  Swamp: Lair:2-4    Shoals: Lair:2-4     Snake: Lair:2-4    Spider: Lair:2-4

Altars:
Ashenzari
Cheibriados
Dithmenos
Elyvilon
Fedhas
Gozag
Hepliaklqana
Kikubaaqudgha
Makhleb
Nemelex Xobeh
Okawaru
Qazlal
Ru
Sif Muna
Trog
Uskayaw
Vehumet
Xom
Yredelemnul
Zin
The Shining One
Beogh

Shops:
D:9 *   Orc:2 =[?*


Innate Abilities, Weirdness & Mutations

You have a pair of small horns on your head.
You are resistant to electric shocks. (rElec)


Message History

Casting: Iskenderun's Mystic Blast
Confirm with . or Enter, or press ? or * to list all spells.
Aiming: Iskenderun's Mystic Blast
Press: ? - help, Shift-Dir - straight line, f/p - spiny frog
Aim: a spiny frog (moderately wounded)
The orb of energy hits the spiny frog.
The spiny frog is heavily wounded.
The orb of energy explodes!
The spiny frog stings you.
Casting: Iskenderun's Mystic Blast
Confirm with . or Enter, or press ? or * to list all spells.
Aiming: Iskenderun's Mystic Blast
Press: ? - help, Shift-Dir - straight line, f/p - spiny frog
Aim: a spiny frog (heavily wounded)
The orb of energy hits the spiny frog.
The spiny frog is severely wounded.
The orb of energy explodes!
You feel sick. The spiny frog stings you!
* * * LOW HITPOINT WARNING * * *
You are more poisoned.
The spiny frog poisons you! The spiny frog stings you!
You die...

# #.# ###################.......
. #.###.......##...##.##.P......
.##..........................#..
..#.............................
..........<..#..................
.รท..........###.....PP..........
...........###..........P.......
..#....<...###..........#.......
......>........F@...........P...
...........................##...
................P#........## ...
...........##..<####P.....#
#.####P#.#.###### ##.##P).. ##
###.### ## ##.. ###


You could see a spiny frog.

Vanquished Creatures
  An orc warlord (Orc:2)
  A stone giant (Orc:2)
  An ettin (D:10)
  Josephine (D:9)
  2 hydras (Lair:1)
  4 orc high priests (Orc:2)
  6 orc knights
  Pikel (D:7)
  4 orc sorcerers (Orc:2)
  Joseph (D:7)
  4 spiny frogs
  2 komodo dragons (Lair:1)
  7 trolls
  A polar bear (Lair:1)
  Grinder (D:4)
  Prince Ribbit (D:8)
  6 two-headed ogres
  9 blink frogs (Lair:1)
  3 hippogriffs
  4 wraiths
  10 yaks
  A wyvern (D:10)
  A mottled dragon (D:10)
  3 wargs
  5 water moccasins (Lair:1)
  5 porcupines
  4 black bears
  2 ice beasts
  49 orc warriors
  A sky beast (D:10)
  4 slaves
  A swamp drake (D:10)
  2 phantoms
  4 wolves (Lair:1)
  17 ogres
  6 crocodiles
  7 bullfrogs
  A wyvern skeleton (D:6)
  2 scorpions
  8 killer bees (D:8)
  4 wights
  2 electric eels (D:10)
  7 crimson imps
  A bullfrog zombie (D:6)
  2 jellies
  Crazy Yiuf (D:5)
  8 hounds
  30 orc priests
  3 bullfrog skeletons
  3 centaur skeletons
  3 iguanas
  15 orc wizards
  8 worker ants
  2 hound skeletons (D:4)
  A worker ant zombie (D:6)
  10 gnolls
  A river rat (D:10)
  7 adders
  A shadow imp (D:8)
  An ooze (D:1)
  3 adder zombies
  6 worms
  4 dart slugs
  7 leopard geckos
  130 orcs
  4 giant cockroaches
  16 goblins
  8 hobgoblins
  3 jackals (D:8)
  7 kobolds
  5 quokkas
  2 ball pythons
  25 bats
  3 frilled lizards
  A leopard gecko skeleton (D:7)
  A leopard gecko zombie (D:5)
  13 rats
  A fungus (Lair:1)
  4 plants
546 creatures vanquished.

Vanquished Creatures (others)
  A bullfrog (D:9)
  An orc (D:10)
  13 fungi (D:10)
  52 plants (D:10)
67 creatures vanquished.

Grand Total: 613 creatures vanquished

Notes
Turn   | Place    | Note
-------+----------+-------------------------------------------
     0 | D:1      | Jimmy the Deep Elf Conjurer began the quest for the Orb.
     0 | D:1      | Reached XP level 1. HP: 10/10 MP: 6/6
   126 | D:1      | Reached XP level 2. HP: 15/15 MP: 4/8
   394 | D:1      | Reached skill level 5 in Conjurations
   642 | D:1      | Reached XP level 3. HP: 19/19 MP: 5/9
  1293 | D:2      | Learned a level 2 spell: Searing Ray
  1297 | D:2      | Learned a level 3 spell: Dazzling Spray
  1744 | D:2      | Found a white marble altar of Elyvilon.
  2193 | D:3      | Reached XP level 4. HP: 24/24 MP: 7/11
  2196 | D:3      | Reached skill level 4 in Spellcasting
  2886 | D:3      | Reached XP level 5. HP: 28/28 MP: 3/13
  3501 | D:4      | Reached skill level 5 in Spellcasting
  3504 | D:4      | Got a scintillating turquoise ring
  3505 | D:4      | Identified the ring "Utom" {rElec rPois MR- Stlth-} (You found it on level 4 of the Dungeon)
  3776 | D:4      | Found a sparkling altar of Nemelex Xobeh.
  3839 | D:4      | Noticed Grinder
  4144 | D:4      | Noticed an ogre
  4149 | D:4      | Killed an ogre
  4149 | D:4      | Reached XP level 6. HP: 32/32 MP: 1/16
  4411 | D:4      | Reached skill level 6 in Spellcasting
  4693 | D:4      | Paralysed by Grinder for 2 turns
  4745 | D:4      | Paralysed by Grinder for 6 turns
  4753 | D:4      | Killed Grinder
  4753 | D:4      | Reached skill level 7 in Spellcasting
  4753 | D:4      | Reached XP level 7. HP: 28/36 MP: 6/19
  5220 | D:4      | Learned a level 4 spell: Iskenderun's Mystic Blast
  5303 | D:5      | Entered Level 5 of the Dungeon
  5674 | D:5      | Found a runed door.
  5678 | D:5      | Noticed Crazy Yiuf
  5680 | D:5      | Killed Crazy Yiuf
  5827 | D:5      | Reached skill level 8 in Spellcasting
  6190 | D:5      | Found a staircase to the Ecumenical Temple.
  6271 | D:5      | Found an opulent altar of Gozag.
  6681 | Temple   | Entered the Ecumenical Temple
  6738 | Temple   | Became a worshipper of Vehumet
  6771 | D:5      | Reached XP level 8. HP: 42/42 MP: 8/22
  7071 | D:6      | Reached skill level 1 in Fighting
  7228 | D:6      | Reached skill level 9 in Spellcasting
  7948 | D:6      | Reached skill level 1 in Hexes
  8444 | D:6      | Reached skill level 1 in Staves
  9101 | D:7      | Reached skill level 10 in Spellcasting
  9352 | D:7      | Reached XP level 9. HP: 47/47 MP: 12/25
  9354 | D:7      | Reached * piety under Vehumet
  9354 | D:7      | Offered knowledge of Sting by Vehumet.
  9361 | D:7      | Learned a level 5 spell: Fireball
  9438 | D:7      | Reached skill level 5 in Stealth
  9506 | D:7      | Noticed Joseph
  9639 | D:7      | Killed Joseph
  9996 | D:8      | Noticed Pikel
 10113 | D:7      | Killed Pikel
 10113 | D:7      | Reached skill level 11 in Spellcasting
 10113 | D:7      | Reached skill level 10 in Conjurations
 10544 | D:8      | Reached skill level 1 in Fire Magic
 10577 | D:8      | Reached skill level 12 in Spellcasting
 11650 | D:9      | Noticed Prince Ribbit
 11661 | D:8      | Reached skill level 1 in Evocations
 11661 | D:8      | Reached XP level 10. HP: 39/52 MP: 17/28
 11663 | D:8      | Killed Prince Ribbit
 11759 | D:9      | Reached ** piety under Vehumet
 11760 | D:9      | Offered knowledge of Shock by Vehumet.
 12314 | D:9      | Got a warped rapier
 12330 | D:9      | Found Mefanoodgh's Assorted Antiques.
 12338 | D:9      | Bought a scroll of identify for 60 gold pieces
 12470 | D:9      | Identified the cursed +3 rapier "Ostrifim" {pain, rN+ Int+2 Stlth+} (You found it on level 9 of the Dungeon)
 12527 | D:10     | Entered Level 10 of the Dungeon
 12545 | D:10     | Noticed Josephine
 12889 | D:9      | Reached skill level 13 in Spellcasting
 12944 | D:9      | Killed Josephine
 12944 | D:9      | Reached skill level 5 in Fire Magic
 13645 | D:10     | Reached skill level 5 in Dodging
 13800 | D:10     | Offered knowledge of Ignite Poison by Vehumet.
 13925 | D:10     | Reached XP level 11. HP: 56/56 MP: 17/30
 14091 | D:10     | Found a staircase to the Lair.
 14564 | D:10     | Reached *** piety under Vehumet
 14793 | D:10     | Found a staircase to the Orcish Mines.
 14979 | D:10     | Offered knowledge of Force Lance by Vehumet.
 14985 | D:10     | Learned a level 4 spell: Force Lance
 15311 | Orc:1    | Entered Level 1 of the Orcish Mines
 15311 | Orc:1    | Noticed an ettin
 15350 | D:10     | HP: 2/56 [ettin/dire flail (36)]
 15392 | D:10     | Killed an ettin
 15392 | D:10     | Reached skill level 14 in Spellcasting
 15495 | D:10     | Reached skill level 1 in Armour
 15549 | Orc:1    | Noticed an orc knight
 15623 | D:10     | Killed an orc knight
 15789 | Orc:1    | Reached **** piety under Vehumet
 15835 | Orc:1    | Found a roughly hewn altar of Beogh.
 15988 | Orc:2    | Entered Level 2 of the Orcish Mines
 15989 | Orc:2    | Offered knowledge of Lee's Rapid Deconstruction by Vehumet.
 17011 | Orc:2    | Noticed an orc sorcerer
 17015 | Orc:2    | Killed an orc sorcerer
 17071 | Orc:2    | Reached ***** piety under Vehumet
 17317 | Orc:2    | Noticed an orc warlord
 17383 | Orc:2    | Offered knowledge of Orb of Destruction by Vehumet.
 17392 | Orc:2    | Learned a level 7 spell: Orb of Destruction
 17846 | Orc:2    | Found a staircase to the Elven Halls.
 18056 | Orc:2    | Reached skill level 15 in Spellcasting
 18105 | Orc:2    | Noticed an orc knight
 18132 | Orc:1    | Reached XP level 12. HP: 25/61 MP: 10/33
 18795 | Orc:2    | Noticed an orc high priest
 19039 | Orc:2    | Killed an orc warlord
 19284 | Orc:2    | Found a roughly hewn altar of Beogh.
 19459 | Orc:2    | Offered knowledge of Bolt of Magma by Vehumet.
 19567 | Orc:2    | Noticed an orc high priest
 19569 | Orc:2    | Killed an orc high priest
 19662 | Orc:2    | Noticed an orc high priest
 19666 | Orc:2    | Killed an orc high priest
 19720 | Orc:2    | Found Juucvudu's Magic Scroll Emporium.
 19727 | Orc:2    | Bought a scroll of teleportation for 51 gold pieces
 19727 | Orc:2    | Bought a scroll of identify for 34 gold pieces
 19727 | Orc:2    | Bought a scroll of remove curse for 51 gold pieces
 19727 | Orc:2    | Bought a scroll of identify for 34 gold pieces
 19729 | Orc:2    | Gained mutation: You have a pair of small horns on your head. [potion of beneficial mutation]
 19730 | Orc:2    | Gained mutation: You are resistant to electric shocks. (rElec) [potion of beneficial mutation]
 19771 | Orc:2    | Killed an orc high priest
 19771 | Orc:2    | Reached skill level 16 in Spellcasting
 19879 | Orc:2    | Found Taluth's Assorted Antiques.
 19890 | Orc:2    | Bought a scroll labeled JIRCHO BYED for 32 gold pieces
 19890 | Orc:2    | Bought a scroll labeled EKIUN TEONIOD for 32 gold pieces
 19890 | Orc:2    | Bought a scroll labeled EKIUN TEONIOD for 32 gold pieces
 19914 | Orc:2    | Noticed an orc high priest
 19917 | Orc:2    | Killed an orc high priest
 20360 | Orc:2    | Noticed a stone giant
 20391 | Orc:2    | Killed a stone giant
 20615 | Orc:2    | Found a roughly hewn altar of Beogh.
 20762 | Orc:2    | Found Ypeuff's Jewellery Emporium.
 21031 | Orc:2    | Reached XP level 13. HP: 66/66 MP: 20/35
 21094 | Orc:2    | Found Soepafae's Antique Armour Shoppe.
 21099 | Orc:2    | Bought a crude cloak for 247 gold pieces
 21109 | Orc:2    | Identified the cursed +0 cloak of Integrity {rF+++ rC- rN+} (You bought it in a shop on level 2 of the Orcish Mines)
 21568 | Lair:1   | Entered Level 1 of the Lair of Beasts
 21658 | Lair:1   | Reached skill level 1 in Translocations
 21743 | Lair:1   | Reached skill level 17 in Spellcasting
 22521 | Lair:1   | Reached skill level 15 in Conjurations
 23773 | Lair:2   | Slain by a spiny frog

Skill      XL: |  1  2  3  4  5  6  7  8  9 10 11 12 13 |
---------------+----------------------------------------+-----
Conjurations   | 5 6 7 8 9 10 11 13 14 15 | 15.1
Spellcasting   | 4 5 7 8 10 12 13 15 16 17 | 17.5
Stealth        | 3 4 5 |  5.7
Dodging        | 3 4 5 6 |  6.5
Fighting       | 1 |  1.8
Hexes          | 1 3 |  3.0
Staves         | 1 2 |  2.6
Fire Magic     | 2 5 7 8 |  8.2
Evocations     | 1 2 3 |  3.1
Armour         | 1 3 |  3.1
Translocations | 1 |  1.2

Action                   |  1- 3 |  4- 6 |  7- 9 | 10-12 | 13-15 || total
-------------------------+-------+-------+-------+-------+-------++-------
Melee: Staff             |       |       |    22 |   118 |     7 ||   147
       Headbutt          |       |       |       |     1 |       ||     1
 Cast: Magic Dart        |    94 |   125 |    51 |   124 |     1 ||   395
       Searing Ray       |       |    28 |    19 |    17 |     1 ||    65
       Iskenderun's Myst |       |       |   116 |   118 |    47 ||   281
       Dazzling Spray    |       |       |     2 |    53 |    12 ||    67
       Fireball          |       |       |    29 |   178 |    34 ||   241
       Orb of Destructio |       |       |       |    15 |     1 ||    16
       Force Lance       |       |       |       |    15 |     1 ||    16
 Abil: Evoke Flight      |       |       |     6 |    18 |     2 ||    26
       Stop Flying       |       |       |       |     1 |       ||     1
Evoke: Wand              |       |       |       |     2 |       ||     2
  Use: Scroll            |     2 |     1 |     6 |    13 |       ||    22
       Potion            |       |       |       |     4 |       ||     4
 Stab: Invisible         |       |       |       |     3 |       ||     3
  Eat: Chunk             |     4 |     7 |    26 |    44 |     8 ||    89
       Pizza             |       |       |     3 |     2 |     1 ||     6
Armor: Robe              |     2 |     3 |    30 |    15 |       ||    50
       Troll leather arm |       |       |       |    46 |     5 ||    51
Dodge: Dodged            |     6 |    27 |    68 |   132 |     7 ||   240
Block: Other             |       |       |       |   101 |     6 ||   107
       Reflection        |       |       |       |     6 |       ||     6
